 Dungeon Crawl Stone Soup version 0.30-a0-578-gdee14c521f (webtiles) character file.

Game seed: 11740930026060851237

2027 Armakuni the Trooper (level 9, 72/72 HPs)
             Began as a Human Wanderer on Dec 28, 2022.
             Quit the game in the Ecumenical Temple on Dec 31, 2022.
             The game lasted 00:20:29 (6146 turns).

Armakuni the Trooper (Human Wanderer)               Turns: 6146, Time: 00:20:29

Health: 72/72      AC: 14    Str: 20    XL:     9   Next: 47%
Magic:  10/10      EV: 12    Int: 16    God:
Gold:   67         SH:  0    Dex: 19    Spells: 9/10 levels left

rFire   + . .      SeeInvis .    a - +12 dagger of Shame {venom, Str+4}
rCold   . . .      Faith    .    (no shield)
rNeg    . . .      Spirit   .    o - +2 scale mail {rF+}
rPois   +          Reflect  .    l - +1 helmet {Int+3}
rElec   .          Harm     .    c - +2 cloak
rCorr   .          Rampage  .    (no gloves)
Will    .....                    (no boots)
Stlth   +                        (no amulet)
HPRegen 0.32/turn                P - ring of poison resistance
MPRegen 0.12/turn                D - +6 ring of dexterity

@: no status effects
A: no striking features
a: no special abilities


You were in the Ecumenical Temple.
You visited 2 branches of the dungeon, and saw 7 of its levels.
You also visited: Sewer.

You collected 298 gold pieces.
You spent 231 gold pieces at shops.

Inventory:

Hand Weapons
 a - the +12 dagger of Shame (weapon) {venom, Str+4}
   (You found it on level 5 of the Dungeon)

   It poisons the flesh of those it strikes.
   Str:       It affects your strength (+4).
 b - a +1 sling of freezing
 e - a +3 quarterstaff of chaos
Missiles
 f - 3 boomerangs
Armour
 c - a +2 cloak (worn)
 l - a +1 helmet of intelligence (worn)
 o - a +2 scale mail of fire resistance (worn)
Jewellery
 D - a +6 ring of dexterity (right hand)
 I - a +6 ring of intelligence
 K - a ring of resist corrosion
 P - a ring of poison resistance (left hand)
Scrolls
 i - 3 scrolls of teleportation
 n - 5 scrolls of fog
 q - a scroll of torment
 t - a scroll of poison
 y - 2 scrolls of blinking
 E - 3 scrolls of enchant weapon
 X - a scroll of brand weapon
Potions
 d - a potion of degeneration {unknown}
 g - a potion of brilliance {unknown}
 h - 3 potions of might
 j - 5 potions of curing
 k - 2 potions of cancellation
 m - a potion of ambrosia {unknown}
 p - a potion of lignification {unknown}
 s - a potion of heal wounds {unknown}
 u - 2 potions of berserk rage
 w - a potion of magic {unknown}
 x - 2 potions of flight {unknown}
 z - a potion of haste


   Skills:
 + Level 7.1 Fighting
 - Level 5.0 Short Blades
 - Level 2.0 Axes
 - Level 2.7 Staves
 - Level 5.0 Armour
 - Level 5.0 Dodging
 - Level 1.0 Stealth
 - Level 1.0 Spellcasting
 - Level 3.0 Hexes
 - Level 1.0 Invocations
 - Level 1.0 Evocations


You had 9 spell levels left.
You knew the following spells:

 Your Spells              Type           Power      Damage    Failure   Level
s - Slow                  Hex            40%        N/A       19%         1

Your spell library contained the following spells:

 Spells                   Type           Power      Damage    Failure   Level
 Confusing Touch          Hex            10%        N/A       47%         3
 Cigotuvi's Dreadful Rot  Necr/Pois/Air  0%         N/A       67%         2
 Poisonous Vapours        Pois/Air       0%         N/A       67%         2
 Inner Flame              Hex/Fire       5%         N/A       69%         3
 Mephitic Cloud           Conj/Pois/Air  0%         N/A       88%         3
 Stone Arrow              Conj/Erth      0%         3d7       88%         3
 Vampiric Draining        Necr           0%         2d6       88%         3
 Fulminant Prism          Conj/Hex       2%         3d5       97%         4
 Animate Armour           Summ/Erth      0%         N/A       99%         4
 Lehudib's Crystal Spear  Conj/Erth      0%         10d2      100%        8


Dungeon Overview and Level Annotations

Branches:
Dungeon (6/15)             Temple (1/1) D:6           Sewer (visited)

Altars:
Ashenzari
Cheibriados
Dithmenos
Fedhas
Gozag
Hepliaklqana
Kikubaaqudgha
Makhleb
Nemelex Xobeh
Qazlal
Sif Muna
Trog
Uskayaw
Vehumet
Wu Jian
Yredelemnul
Zin

Shops:
D:2 [


Message History

Found five altars.
There is a staircase back to the Dungeon here.
Found a snail-covered altar of Cheibriados.
Found a sparkling altar of Nemelex Xobeh.
Found a basalt altar of Yredelemnul.
Found a shadowy altar of Dithmenos and a hazy altar of Hepliaklqana.
Found two altars.
There is a shadowy altar of Dithmenos here.
Found a blossoming altar of Fedhas.
Done exploring.
Done exploring.
Done exploring.
Done exploring.
Done exploring.
Okay, then.
Okay, then.
Okay, then.
Unknown command.
You aren't carrying any items that you can evoke.
There is a staircase back to the Dungeon here.
Saving game... please wait.
Welcome back, Armakuni the Human Wanderer.
Press ? for a list of commands and other information.
Saving game... please wait.
Welcome back, Armakuni the Human Wanderer.
Press ? for a list of commands and other information.
Saving game... please wait.
Welcome back, Armakuni the Human Wanderer.
Press ? for a list of commands and other information.
Okay, then.
Okay, then.
Unknown command.
Okay, then.
Okay, then.
Okay, then.
Okay, then.
Unknown command.
Okay, then.
Okay, then.
Are you sure you want to abandon this character and quit the game? (Confirm with "yes".)

#############
####...........####
###........<........###
##.....................##
##....._.....@....._.....##
##.........................##
#............._.............#
##...........................##
#........_..........._........#
#.............................#
#.._..........._..........._..#
#.............................#
#........_..........._........#


There were no monsters in sight!

Vanquished Creatures
  Grinder (D:3)
  Menkaure (D:4)
  An ice beast (D:6)
  3 ogres
  A kobold brigand (D:4)
  A gnoll sergeant (D:6)
  5 scorpions
  A necrophage (D:5)
  Crazy Yiuf (D:4)
  3 hounds
  2 orc priests (D:4)
  Ijyb (D:2)
  5 iguanas
  Jessica (D:3)
  2 orc wizards
  Natasha (thrice) (D:2)
  Robin (D:2)
  9 gnolls
  9 adders
  6 river rats
  2 white imps
  2 worms
  4 dart slugs
  11 orcs
  6 ball pythons
  9 bats
  7 endoplasms
  6 giant cockroaches
  12 goblins
  13 hobgoblins
  3 jackals (D:3)
  4 quokkas
  A frilled lizard (D:1)
  28 kobolds
  7 rats
172 creatures vanquished.

Vanquished Creatures (others)
  A fungus (D:4)
  8 plants
9 creatures vanquished.

Grand Total: 181 creatures vanquished

Notes
Turn   | Place    | Note
-------+----------+-------------------------------------------
     0 | D:1      | Armakuni the Human Wanderer began the quest for the Orb.
     0 | D:1      | Armakuni set off with the following items: a +0 hand axe, a
                  | +0 helmet, a potion of haste, a +0 robe; and the following
                  | spell memorised: Slow; and the following spells available
                  | to memorise: Inner Flame, Fulminant Prism.
     0 | D:1      | Reached XP level 1. HP: 15/15 MP: 2/2
   152 | D:1      | Reached XP level 2. HP: 22/22 MP: 3/3
   171 | D:1      | Reached skill level 2 in Fighting
   440 | D:1      | Reached XP level 3. HP: 28/28 MP: 4/4
   703 | D:2      | Noticed Robin
   704 | D:2      | Reached skill level 3 in Fighting
   946 | D:2      | Noticed Natasha
   952 | D:2      | Killed Natasha
   953 | D:2      | Reached XP level 4. HP: 34/37 MP: 2/5
   963 | D:2      | Noticed Natasha
   982 | D:2      | Killed Natasha
   983 | D:2      | Reached skill level 4 in Fighting
  1199 | D:2      | Noticed Natasha
  1212 | D:2      | Killed Natasha
  1213 | D:2      | Reached XP level 5. HP: 7/43 MP: 6/6
  1481 | D:2      | Found Edghuga's Armour Boutique.
  1652 | D:2      | Reached skill level 5 in Fighting
  1695 | D:2      | Killed Robin
  1979 | D:3      | Noticed Jessica
  2039 | D:3      | Noticed Ijyb
  2039 | D:3      | Found a burning altar of Makhleb.
  2039 | D:3      | Found an opulent altar of Gozag.
  2039 | D:3      | Found a bloodstained altar of Trog.
  2062 | D:2      | Killed Ijyb
  2063 | D:2      | Reached skill level 1 in Armour
  2063 | D:2      | Reached skill level 1 in Dodging
  2063 | D:2      | Reached XP level 6. HP: 28/51 MP: 7/7
  2266 | D:3      | Killed Jessica
  2323 | D:3      | You fall into a shaft and drop 2 floors!
  2323 | D:5      | Entered Level 5 of the Dungeon
  2371 | D:5      | Noticed an ogre
  2598 | D:5      | Identified the +12 dagger of Shame {venom, Str+4}
  2613 | D:5      | Killed an ogre
  2798 | D:3      | Reached XP level 7. HP: 56/56 MP: 8/8
  2825 | D:4      | Reached skill level 1 in Short Blades
  2859 | D:4      | Found a glowing drain.
  2876 | Sewer    | Entered a sewer
  3348 | D:4      | Noticed Menkaure
  3356 | D:4      | Killed Menkaure
  3403 | D:4      | Reached XP level 8. HP: 45/62 MP: 9/9
  3506 | D:4      | Reached skill level 5 in Short Blades
  3613 | D:3      | Noticed Grinder
  3615 | D:3      | Paralysed by Grinder for 4 turns
  3627 | D:3      | Paralysed by Grinder for 5 turns
  3633 | D:3      | Killed Grinder
  3829 | D:3      | Found a faded altar of an unknown god.
  4209 | D:4      | Reached skill level 5 in Dodging
  4685 | D:4      | Found a glowing silver altar of Zin.
  4735 | D:4      | Reached XP level 9. HP: 64/68 MP: 10/10
  5050 | D:4      | Found a runed translucent door.
  5051 | D:4      | Noticed Crazy Yiuf
  5060 | D:4      | Killed Crazy Yiuf
  5193 | D:2      | Bought a +2 scale mail of fire resistance for 231 gold
                  | pieces
  5315 | D:5      | Reached skill level 5 in Armour
  5826 | D:6      | Reached skill level 6 in Fighting
  6067 | D:6      | Reached skill level 7 in Fighting
  6075 | D:6      | Found a staircase to the Ecumenical Temple.
  6081 | Temple   | Entered the Ecumenical Temple
  6146 | Temple   | Upgraded the game from 0.30-a0-567-gf7fd966b4a to
                  | 0.30-a0-576-g89cddaab80
  6146 | Temple   | Upgraded the game from 0.30-a0-576-g89cddaab80 to
                  | 0.30-a0-578-gdee14c521f
  6146 | Temple   | Quit the game

Illustrated notes

Levels and vault maps discovered:
D:1:      psy_arrival_radial01, layout_basic, serial_curves, eino_curves_02,
          eino_curves_02, eino_curves_02, minmay_quantized
D:2:      layout_basic, serial_shops, nicolae_shop_behind_doors, uniq_robin,
          uniq_natasha
D:3:      layout_loops_cross, gammafunk_temple_overflow_forgotten,
          nicolae_ecumenical_oubliette, uniq_grinder, uniq_ijyb, uniq_jessica
D:4:      kennysheep_kobold_camp, layout_loops_ring, zin_statuary,
          portal_sewer_entry_b, hangedman_decor_peaks_small,
          uniq_crazy_yiuf_cottage, uniq_menkaure
D:5:      layout_loops_cross
D:6:      wander_river, layout_rooms, temple_doors_cd, serial_bayou_pond_d,
          nrook_loot_triangle
Temple:   cyrus_circular_temple

Skill      XL: |  1  2  3  4  5  6  7  8  9 |
---------------+----------------------------+-----
Fighting       | 2 3 4 5 7 |  7.1
Armour         | 1 4 5 |  5.0
Dodging        | 1 5 |  5.0
Staves         | 2 |  2.7
Short Blades   | 4 5 |  5.0
Axes           | |  2.0
Stealth        | |  1.0
Spellcasting   | |  1.0
Hexes          | |  3.0
Invocations    | |  1.0
Evocations     | |  1.0

Action                   |  1- 3 |  4- 6 |  7- 9 || total
-------------------------+-------+-------+-------++-------
Melee: Hand axe          |     6 |     5 |       ||    11
       Dagger            |       |   123 |   289 ||   412
       Quarterstaff      |       |    25 |       ||    25
       Punch             |       |       |     4 ||     4
 Fire: Sling             |    74 |    45 |       ||   119
 Cast: Slow              |     5 |    21 |    12 ||    38
  Use: Scroll            |     4 |     2 |    11 ||    17
       Potion            |       |     2 |     1 ||     3
 Stab: Sleeping          |       |       |     1 ||     1
Armor: Robe              |    16 |    37 |       ||    53
       Leather armour    |       |     6 |    62 ||    68
       Scale mail        |       |       |    26 ||    26
Dodge: Dodged            |    21 |    99 |   144 ||   264

Table legend: (Time is in decaauts)
 A = Elapsed time spent in this place.
 B = Non-inter-level travel time spent in this place.
 C = Inter-level travel time spent in this place.
 D = Time resting spent in this place.
 E = Time spent auto-exploring this place.
 F = Levels seen in this place.
 G = Mean time per level.
                   A        B        C        D        E       F      G
               +--------+--------+--------+--------+--------+-----+--------+
         Total |   6254 |   5943 |    311 |   1229 |   3191 |   8 |  781.8 |
       Dungeon |   5688 |   5377 |    311 |   1138 |   2883 |   6 |  948.0 |
        Temple |     64 |     64 |      0 |      0 |     35 |   1 |   64.0 |
         Sewer |    501 |    501 |      0 |     91 |    273 |   1 |  501.0 |
               +--------+--------+--------+--------+--------+-----+--------+

Top non-repeatable levels by time:
     D:2: 1563 daAuts
     D:4: 1164 daAuts
     D:5: 971 daAuts
     D:3: 909 daAuts
     D:1: 759 daAuts
   Sewer: 501 daAuts
     D:6: 320 daAuts
  Temple: 64 daAuts
